 Dungeon Crawl Stone Soup version 0.28.0-43-g3370ac3207 (webtiles) character file.

Game seed: 69485298304693518

2419 MisterFreud the Cutter (level 9, 0/74 HPs)
             Began as a Gnoll Cinder Acolyte on Mar 23, 2022.
             Was a High Priest of Ignis.
             Slain by a gnoll
             ... wielding a +0 spear
              (2 damage)
             ... on level 6 of the Dungeon.
             The game lasted 00:12:11 (10764 turns).

MisterFreud the Cutter (Gnoll Cinder Acolyte)      Turns: 10764, Time: 00:12:12

Health: 0/74       AC:  7    Str: 18    XL:     9   Next: 48%
Magic:  11/16      EV: 12    Int: 18    God:    Ignis [*****.]
Gold:   116        SH:  0    Dex:  7    Spells: 14/18 levels left

rFire   + . .      SeeInvis .   y - +5 war axe "Wiso" {vorpal, Contam rC+ rCorr Str+4}
rCold   + . .      Faith    .   (no shield)
rNeg    . . .      Spirit   .   o - +2 robe
rPois   .          Reflect  .   p - +0 helmet
rElec   .          Harm     .   K - +1 cloak
rCorr   +          Rampage  .   (no gloves)
Will    .....                   (no boots)
Stlth   ++........              (no amulet)
HPRegen 0.22/turn               m - ring of resist corrosion
MPRegen 0.15/turn               E - ring of wizardry

@: lethally poisoned (0 -> -11)
A: fangs 1, strong nose, distributed training
a: Renounce Religion, Fiery Armour, Foxfire Swarm, Rising Flame


You were on level 6 of the Dungeon.
You worshipped Ignis.
Ignis was extremely pleased with you.
You visited 1 branch of the dungeon, and saw 7 of its levels.

You collected 152 gold pieces.
You spent 36 gold pieces at shops.

Inventory:

Hand Weapons
 a - a -1 short sword of flaming
 h - a +1 dagger of speed
 y - the +5 war axe "Wiso" (weapon) {vorpal, Contam rC+ rCorr Str+4}
   (You found it on level 5 of the Dungeon)

   It inflicts extra damage upon your enemies.
   Str:       It affects your strength (+4).
   rC:        It protects you from cold.
   Contam:    It causes magical contamination when unequipped.
   rCorr:     It protects you from acid and corrosion.
Missiles
 e - 16 poisoned darts (quivered)
 q - 5 curare-tipped darts
 A - 3 javelins
 C - 6 boomerangs
Armour
 o - a +2 robe (worn)
 p - a +0 helmet (worn)
 J - a scarf of invisibility
 K - a +1 cloak (worn)
Jewellery
 b - a ring of protection from cold
 m - a ring of resist corrosion (left hand)
 E - a ring of wizardry (right hand)
 L - a ring of see invisible
Wands
 s - a wand of flame (13)
 H - a wand of acid (11)
Scrolls
 f - 5 scrolls of teleportation
 j - 4 scrolls of identify
 n - a scroll of vulnerability {unknown}
 t - a scroll of immolation {unknown}
 u - 2 scrolls of amnesia
 v - a scroll of noise {unknown}
 w - 2 scrolls of enchant armour {unknown}
 x - a scroll of enchant weapon {unknown}
 z - a scroll of brand weapon {unknown}
 F - a scroll of blinking {unknown}
 G - a scroll of summoning {unknown}
Potions
 c - a potion of attraction {unknown}
 d - a potion of invisibility {unknown}
 g - 2 potions of lignification {unknown}
 i - 3 potions of haste {unknown}
 k - 3 potions of might {unknown}
 l - 3 potions of mutation {unknown}
 r - 2 potions of heal wounds
 B - a potion of magic {unknown}
 D - a potion of curing {unknown}
 I - 2 potions of berserk rage {unknown}


   Skills:
 + Level 7.9 Fighting
 + Level 7.9 Short Blades
 + Level 4.3 Long Blades
 + Level 4.3 Axes
 + Level 4.3 Maces & Flails
 + Level 4.3 Polearms
 + Level 4.3 Staves
 + Level 4.3 Slings
 + Level 4.3 Bows
 + Level 4.3 Crossbows
 + Level 4.3 Throwing
 + Level 4.3 Armour
 + Level 4.3 Dodging
 + Level 4.3 Stealth
 + Level 4.3 Shields
 + Level 4.3 Unarmed Combat
 + Level 5.2 Spellcasting
 + Level 3.5 Conjurations
 + Level 3.5 Hexes
 + Level 3.5 Summonings
 + Level 3.5 Necromancy
 + Level 3.5 Translocations
 + Level 3.5 Transmutations
 + Level 6.6 Fire Magic
 + Level 3.5 Ice Magic
 + Level 3.5 Air Magic
 + Level 3.5 Earth Magic
 + Level 3.5 Poison Magic
 + Level 4.7 Invocations
 + Level 4.3 Evocations


You had 14 spell levels left.
You knew the following spells:

 Your Spells              Type           Power      Damage    Failure   Level
a - Scorch                Fire           56%        2d8       1%          2
b - Blink                 Tloc           34%        N/A       1%          2

Your spell library contained the following spells:

 Spells                   Type           Power      Damage    Failure   Level
 Animate Skeleton         Necr           34%        N/A       1%          1
 Apportation              Tloc           34%        N/A       1%          1
 Summon Small Mammal      Summ           68%        N/A       1%          1
 Lesser Beckoning         Tloc           17%        N/A       3%          3
 Manifold Assault         Tloc           17%        N/A       32%         5


Dungeon Overview and Level Annotations

Branches:
Dungeon (7/15)             Temple (0/1) D:6

Altars:
Qazlal

Shops:
D:3 *


Innate Abilities, Weirdness & Mutations

You have very sharp teeth.
Your uncanny sense of smell can sniff out nearby items.
Your experience applies equally to all skills.


Message History

You are poisoned.
The gnoll hits you with a +0 whip. The gnoll barely misses you.
You barely miss the gnoll.
The gnoll is almost dead.
The gnoll shouts!
You hit the gnoll.
You feel very sick.
The gnoll sergeant hits you from afar with a +6 spear of venom.
The gnoll hits you with a +0 club. The gnoll sergeant closely misses you.
You hit the gnoll.
You kill the gnoll!
You slash the gnoll!
You kill the gnoll!
You feel very sick.
The gnoll sergeant hits you from afar with a +6 spear of venom!
You are more poisoned.
Casting: Scorch (safe; 1% risk of failure)
Confirm with . or Enter, or press ? or * to list all spells.
Flames lash the gnoll sergeant.
The gnoll sergeant is moderately wounded.
The gnoll sergeant's fire resistance burns away.
You feel very sick.
The gnoll sergeant hits you from afar with a +6 spear of venom!
* * * LOW HITPOINT WARNING * * *
You are more poisoned.
Casting: Scorch (safe; 1% risk of failure)
Confirm with . or Enter, or press ? or * to list all spells.
Okay, then.
Unknown command.
Unknown command.
* * * LOW HITPOINT WARNING * * *
You feel very sick.
* * * LOW HITPOINT WARNING * * *
You feel very sick. The gnoll barely misses you.
There is a stone staircase leading down, spattered with blood here.
* * * LOW HITPOINT WARNING * * *
You feel very sick.
The gnoll hits you from afar with a +0 spear.
You die...

.........# ≈≈≈≈≈§≈ #.
.........# §§≈≈≈≈§ #.
.........##############.
..........#...........#.
..........#...........#.
..........#......##..##.
.g...)....#......##..##.
. #.....##......#.....
...##..@..##......#.....
..!..g)...........#.....
.......g.........##..###
...##..)..##.....##..###
.. #.....##.....#......
. ........#......#......
.........#......#......
..........#......'......
########################


You could see a gnoll sergeant (combustible) and a gnoll.

Vanquished Creatures
  Sigmund (D:4)
  A wyvern (D:7)
  Eustachio (D:5)
  Edmund (D:4)
  A water moccasin (D:5)
  Duvessa (D:4)
  A black bear (D:5)
  An ice beast (D:7)
  2 ogres (D:7)
  A necrophage (D:7)
  2 bullfrogs (D:7)
  A kobold brigand (D:6)
  A scorpion (D:5)
  Dowan (D:4)
  A howler monkey (D:6)
  A bullfrog zombie (D:3)
  4 hounds
  3 jellies
  2 orc priests
  A centaur skeleton (D:7)
  A bullfrog skeleton (D:7)
  Terence (D:1)
  4 iguanas
  2 hound skeletons (D:4)
  Robin (D:4)
  12 gnolls
  8 adders
  A howler monkey skeleton (D:7)
  A white imp (D:7)
  An ufetubus (D:5)
  An adder skeleton (D:4)
  2 worms (D:3)
  6 dart slugs
  13 orcs
  4 ball pythons
  8 bats
  10 endoplasms
  7 giant cockroaches
  2 hobgoblins
  4 jackals (D:1)
  6 quokkas
  5 frilled lizards
  21 goblins
  7 kobolds
  3 rats (D:1)
159 creatures vanquished.

Vanquished Creatures (others)
  An orc wizard (D:5)
1 creature vanquished.

Grand Total: 160 creatures vanquished

Notes
Turn   | Place    | Note
-------+----------+-------------------------------------------
     0 | D:1      | MisterFreud the Gnoll Cinder Acolyte began the quest for
                  | the Orb.
     0 | D:1      | Reached XP level 1. HP: 23/23 MP: 4/4
   117 | D:1      | Found a faded altar of an unknown god.
   164 | D:1      | Reached XP level 2. HP: 29/29 MP: 5/5
   167 | D:1      | Learned a level 2 spell: Scorch
   170 | D:1      | Learned a level 2 spell: Blink
   638 | D:1      | Reached XP level 3. HP: 29/35 MP: 4/7
  1016 | D:1      | Reached skill level 1 in Invocations
  1422 | D:2      | Noticed Terence
  1429 | D:1      | Reached skill level 1 in Long Blades
  1429 | D:1      | Reached skill level 1 in Axes
  1429 | D:1      | Reached skill level 1 in Maces & Flails
  1429 | D:1      | Reached skill level 1 in Polearms
  1429 | D:1      | Reached skill level 1 in Staves
  1429 | D:1      | Reached skill level 1 in Slings
  1429 | D:1      | Reached skill level 1 in Bows
  1429 | D:1      | Reached skill level 1 in Crossbows
  1429 | D:1      | Reached skill level 1 in Throwing
  1429 | D:1      | Reached skill level 1 in Armour
  1429 | D:1      | Reached skill level 1 in Dodging
  1429 | D:1      | Reached skill level 1 in Stealth
  1429 | D:1      | Reached skill level 1 in Shields
  1429 | D:1      | Reached skill level 1 in Unarmed Combat
  1429 | D:1      | Reached skill level 1 in Evocations
  1672 | D:1      | Reached XP level 4. HP: 29/41 MP: 8/8
  1681 | D:1      | Killed Terence
  1954 | D:1      | Reached skill level 1 in Conjurations
  1954 | D:1      | Reached skill level 1 in Hexes
  1954 | D:1      | Reached skill level 1 in Summonings
  1954 | D:1      | Reached skill level 1 in Necromancy
  1954 | D:1      | Reached skill level 1 in Translocations
  1954 | D:1      | Reached skill level 1 in Transmutations
  1954 | D:1      | Reached skill level 1 in Ice Magic
  1954 | D:1      | Reached skill level 1 in Air Magic
  1954 | D:1      | Reached skill level 1 in Earth Magic
  1954 | D:1      | Reached skill level 1 in Poison Magic
  2285 | D:2      | Reached XP level 5. HP: 47/47 MP: 4/9
  3374 | D:3      | Reached XP level 6. HP: 28/53 MP: 4/10
  3951 | D:3      | Found Joonotea's Assorted Antiques.
  3991 | D:3      | Bought a black potion for 18 gold pieces
  3991 | D:3      | Bought a black potion for 18 gold pieces
  4418 | D:4      | Noticed Robin
  4419 | D:4      | Noticed Dowan
  4553 | D:4      | Noticed Duvessa
  5047 | D:4      | Noticed Sigmund
  5284 | D:4      | Killed Sigmund
  5285 | D:4      | Reached XP level 7. HP: 53/59 MP: 5/12
  5379 | D:4      | Killed Robin
  5721 | D:4      | HP: 3/60 [poisoned by a scorpion]
  5723 | D:5      | Entered Level 5 of the Dungeon
  6425 | D:4      | Noticed Edmund
  6591 | D:4      | Killed Edmund
  6592 | D:4      | Reached XP level 8. HP: 51/67 MP: 3/14
  6792 | D:4      | Killed Duvessa
  6851 | D:4      | Killed Dowan
  7752 | D:5      | Identified the +5 war axe "Wiso" {vorpal, Contam rC+ rCorr
                  | Str+4}
  7923 | D:5      | Noticed Eustachio
  7928 | D:5      | Killed Eustachio
  8024 | D:5      | Found a stormy altar of Qazlal.
  8704 | D:6      | Found a staircase to the Ecumenical Temple.
  9061 | D:7      | Reached XP level 9. HP: 49/72 MP: 14/16
  9662 | D:7      | Reached skill level 5 in Spellcasting
 10764 | D:6      | HP: 2/74 [poisoned by a gnoll sergeant]
 10764 | D:6      | Slain by a gnoll

Illustrated notes

Levels and vault maps discovered:
D:1:      dpeg_arrival_tiny_g, layout_loops_corners,
          hellmonk_ecumenical_altar_lost_god, hangedman_feature_mirror,
          corexii_leaking_fountain, minmay_tetromino_o4
D:2:      layout_rooms, uniq_terence
D:3:      layout_loops_ring, serial_shops, nicolae_shop_hallway_stairs,
          kennysheep_generic_room_3
D:4:      layout_layer_cave, minmay_misc_feat_alley, uniq_duvessa, uniq_edmund,
          uniq_robin, uniq_sigmund
D:5:      layout_loops_ring, mainiacjoe_overflow_24_doors, uniq_eustachio
D:6:      layout_gridville, minmay_temple_entry_poolview, nicolae_benzene_ring
D:7:      layout_basic, enter_bailey_2

Skill      XL: |  1  2  3  4  5  6  7  8  9 |
---------------+----------------------------+-----
Invocations    | 1 2 3 4 |  4.7
Long Blades    | 1 2 3 4 |  4.3
Axes           | 1 2 3 4 |  4.3
Maces & Flails | 1 2 3 4 |  4.3
Polearms       | 1 2 3 4 |  4.3
Staves         | 1 2 3 4 |  4.3
Slings         | 1 2 3 4 |  4.3
Bows           | 1 2 3 4 |  4.3
Crossbows      | 1 2 3 4 |  4.3
Throwing       | 1 2 3 4 |  4.3
Armour         | 1 2 3 4 |  4.3
Dodging        | 1 2 3 4 |  4.3
Stealth        | 1 2 3 4 |  4.3
Shields        | 1 2 3 4 |  4.3
Unarmed Combat | 1 2 3 4 |  4.3
Evocations     | 1 2 3 4 |  4.3
Spellcasting   | 3 4 5 |  5.2
Conjurations   | 1 2 3 |  3.5
Hexes          | 1 2 3 |  3.5
Summonings     | 1 2 3 |  3.5
Necromancy     | 1 2 3 |  3.5
Translocations | 1 2 3 |  3.5
Transmutations | 1 2 3 |  3.5
Ice Magic      | 1 2 3 |  3.5
Air Magic      | 1 2 3 |  3.5
Earth Magic    | 1 2 3 |  3.5
Poison Magic   | 1 2 3 |  3.5
Fighting       | 7 |  7.9
Short Blades   | 7 |  7.9
Fire Magic     | 6 |  6.6

Action                   |  1- 3 |  4- 6 |  7- 9 || total
-------------------------+-------+-------+-------++-------
Melee: Short sword       |    47 |       |       ||    47
       Bite              |     7 |    18 |     9 ||    34
       Dagger            |    57 |   111 |   102 ||   270
       Punch             |       |     3 |     6 ||     9
       War axe           |       |       |    37 ||    37
 Cast: Scorch            |    18 |    81 |   114 ||   213
  Use: Scroll            |       |     4 |       ||     4
       Potion            |       |       |     1 ||     1
Armor: Robe              |    14 |    32 |    22 ||    68
Dodge: Dodged            |    51 |    68 |    83 ||   202
